 Dungeon Crawl Stone Soup version 0.25-a0-365-g7600c65 (webtiles) character file.

Game seed: 4437250814396091521, levelgen mode: deterministic

2706 Birdy the Sneak (level 9, -2/46 HPs)
             Began as a Vine Stalker Assassin on Jan 5, 2020.
             Was an Elder of Wu Jian.
             Slain by an orc warrior
             ... wielding a cursed -1 glaive
              (19 damage)
             ... on level 8 of the Dungeon.
             The game lasted 00:15:27 (6715 turns).

Birdy the Sneak (Vine Stalker Assassin)             Turns: 6715, Time: 00:15:28

Health: -2/46      AC:  3    Str: 14      XL:     9   Next: 65%
Magic:  0/17       EV: 15    Int:  8 (11) God:    Wu Jian [****..]
Gold:   396        SH:  0    Dex: 21      Spells: 18/18 levels left

rFire    . . .     SeeInvis .   u - +13 scythe of Curses {drain, *Curse} (curse)
rCold    . . .     Gourm    .   (shield currently unavailable)
rNeg     . . .     Faith    +   b - +0 robe (curse)
rPois    .         Spirit   +   (no helmet)
rElec    +         Reflect  .   c - +0 cloak (curse)
rCorr    .         Harm     .   (no gloves)
MR       +++..                  (no boots)
Stlth    ++++......             q - amulet of Circularity {Faith rElec MR++} (curse)
HPRegen  0.55/turn              A - +2 ring of dexterity (curse)
MPRegen  0.15/turn              (no ring)

@: no status effects
A: fangs 3, regeneration 1, magic shield, antimagic bite, no potion heal 3, rot
immunity
a: Wall Jump, Serpent's Lash, Renounce Religion


You were on level 8 of the Dungeon.
You worshipped Wu Jian.
Wu Jian was greatly pleased with you.
You were not hungry.

You visited 1 branch of the dungeon, and saw 8 of its levels.
You also visited: Sewer.

You collected 396 gold pieces.

Inventory:

Hand Weapons
 i - a cursed +2 antimagic hand axe
 o - a cursed +2 short sword of speed
 u - the cursed +13 scythe of Curses (weapon) {drain, *Curse}
   (You found it on level 6 of the Dungeon)

   A truly terrible weapon, it drains the life of those it strikes.
   It curses itself when equipped.
   It has a curse placed upon it.
 w - a cursed +4 short sword of freezing
Missiles
 d - 31 poisoned darts
 e - 10 curare-tipped darts (quivered)
Armour
 b - a cursed +0 robe (worn)
 c - a cursed +0 cloak (worn)
 y - a cursed +0 leather armour
Jewellery
 h - a cursed ring of ice
 q - the cursed amulet of Circularity (around neck) {Faith rElec MR++}
   (You found it on level 5 of the Dungeon)

   [amulet of faith]

   It allows you to gain divine favour quickly.
   It insulates you from electricity.
   It affects your resistance to hostile enchantments.
   It has a curse placed upon it.
 A - a cursed +2 ring of dexterity (left hand)
Wands
 t - a wand of clouds (2)
Scrolls
 g - a scroll of fog
 j - 5 scrolls of teleportation
 k - a scroll of blinking
 l - a scroll of enchant armour
 m - 4 scrolls of remove curse
 s - 2 scrolls of enchant weapon
 v - a scroll of fear {unknown}
Potions
 n - 2 potions of flight
 p - 3 potions of might
 r - a potion of lignification
Comestibles
 f - 14 rations


   Skills:
 - Level 4.3 Fighting
 - Level 2.9 Short Blades
 * Level 4.7 Polearms
 - Level 3.9 Throwing
 - Level 4.0 Armour
 + Level 4.2 Dodging
 - Level 7.0 Stealth
 - Level 5.0 Spellcasting


You had 18 spell levels left.
You didn't know any spells.
Your spell library contained the following spells:

 Spells                   Type           Power        Failure   Level  Hunger
 Animate Skeleton         Necr           N/A          26%         1    #......
 Apportation              Tloc           #.....       26%         1    #......
 Confusing Touch          Hex            #.....       26%         1    #......
 Summon Small Mammal      Summ           #...         26%         1    #......


Dungeon Overview and Level Annotations

Branches:
Dungeon (8/15)             Temple (0/1) D:4           Sewer (visited)
   Lair: D:8-11

Altars:
Fedhas
Hepliaklqana
Makhleb
Nemelex Xobeh
Okawaru
Sif Muna
Vehumet
Wu Jian
Xom
The Shining One


Innate Abilities, Weirdness & Mutations

You have razor-sharp teeth.
Your natural rate of healing is unusually fast.
When hurt, damage is shared between your health and your magic reserves.
Your bite disrupts and absorbs the magic of your enemies.
Potions cannot restore your health.
You are immune to rotting.


Message History

r - Retreat! s - Stop attacking. g - Guard the area. f - Follow me.
Anything else - Cancel.
Okay, then.
You are too injured to fight recklessly!
Evoke which item? (* to show all) (? for menu, Esc to quit)
Attack whom?
Press: ? - help, Dir - move target cursor, f - orc warrior
Aim: an orc warrior, wielding a -1 glaive and wearing a +0 chain mail You could not reach far enough!
Your shadow disappears in a puff of smoke!
The orc warrior completely misses you.
Unknown command.
Evoke which item? (* to show all) (? for menu, Esc to quit)
Attack whom?
Press: ? - help, Dir - move target cursor, f/p - orc warrior
Aim: an orc warrior, wielding a -1 glaive and wearing a +0 chain mail You could not reach far enough!
The orc warrior hits you from afar with a cursed -1 glaive!!
You die...

##.....####....
#.......## #
#........# ##..
#........## #...#
#.........# #.....#
#.........# .......
#.##......#
.......###.##.....##
........#@####...##
........#W# #..##
.....oW)o§# ####
..../..).†#
.........##
.......)).#
.........##
.........#
......#.##


You could see an orc warrior and a friendly shadow (invisible).

Vanquished Creatures
  Sigmund (D:3)
  Menkaure (D:5)
  A hornet zombie (D:8)
  A phantom (D:4)
  2 sky beasts (D:7)
  2 ogres
  A big kobold (Sewer)
  Blork the orc (D:5)
  2 bullfrogs
  A wyvern skeleton (D:7)
  A scorpion (D:6)
  3 wights (D:6)
  2 killer bees (D:7)
  The ghost of WinkingBaby the Cudgeler, a weakling HuBe of Trog (D:4)
  3 crimson imps
  2 centaur zombies
  A quasit (D:5)
  3 hounds
  2 jellies
  5 orc wizards
  2 centaur skeletons
  2 orc priests
  3 iguanas
  Terence (D:2)
  5 worker ants
  2 hound skeletons
  2 gnolls (D:7)
  A howler monkey skeleton (D:4)
  10 adders
  A river rat (D:6)
  A white imp (D:6)
  An adder zombie (D:4)
  An adder skeleton (D:4)
  A worm (D:4)
  A dart slug (D:3)
  4 leopard geckos
  28 orcs
  2 giant cockroaches
  7 goblins
  3 hobgoblins
  13 jackals
  7 kobolds
  3 quokkas (D:4)
  A ball python (D:6)
  6 bats
  A frilled lizard (D:2)
  A leopard gecko skeleton (D:4)
  A leopard gecko zombie (D:6)
  2 quokka skeletons
  18 rats
167 creatures vanquished.

Vanquished Creatures (collateral kills)
  An orc warrior (D:7)
  2 killer bees (D:7)
  A hound (D:8)
  2 orc wizards (D:8)
  A worker ant (D:8)
  2 gnolls (D:7)
  An orc (D:7)
10 creatures vanquished.

Vanquished Creatures (others)
  An orc wizard (D:6)
1 creature vanquished.

Grand Total: 178 creatures vanquished

Notes
Turn   | Place    | Note
-------+----------+-------------------------------------------
     0 | D:1      | Birdy the Vine Stalker Assassin began the quest for the
                  | Orb.
     0 | D:1      | Reached XP level 1. HP: 11/11 MP: 2/2
   408 | D:1      | Reached XP level 2. HP: 12/15 MP: 1/3
   453 | D:1      | Reached skill level 1 in Dodging
   867 | D:2      | Noticed Terence
   872 | D:2      | Killed Terence
   872 | D:2      | Reached skill level 5 in Stealth
   872 | D:2      | Reached XP level 3. HP: 17/18 MP: 3/5
  1110 | D:2      | Reached skill level 1 in Spellcasting
  1198 | D:2      | Gained mutation: Your natural rate of healing is unusually
                  | fast. [Vine Stalker growth]
  1198 | D:2      | Reached XP level 4. HP: 23/23 MP: 6/6
  1553 | D:3      | Found an ornate altar of the Wu Jian Council.
  1553 | D:3      | Found a blossoming altar of Fedhas.
  1557 | D:3      | Became a worshipper of the Wu Jian Council
  1691 | D:3      | Reached skill level 1 in Armour
  1728 | D:3      | Found a glowing golden altar of the Shining One.
  1778 | D:3      | Noticed Sigmund
  1800 | D:3      | Killed Sigmund
  1800 | D:3      | Reached XP level 5. HP: 9/27 MP: 2/9
  1800 | D:3      | Reached XP level 6. HP: 11/32 MP: 2/10
  2227 | D:4      | Reached * piety under Wu Jian
  2290 | D:4      | Noticed a phantom
  2314 | D:4      | Killed a phantom
  2314 | D:4      | Reached skill level 6 in Stealth
  2357 | D:4      | You fall into a shaft and drop 1 floor!
  2357 | D:5      | Entered Level 5 of the Dungeon
  2358 | D:5      | Noticed Menkaure
  2360 | D:5      | Noticed Blork the orc
  2371 | D:5      | Killed Menkaure
  2371 | D:5      | Reached XP level 7. HP: 16/36 MP: 6/11
  2394 | D:5      | Killed Blork the orc
  2463 | D:5      | Found a radiant altar of Vehumet.
  2465 | D:5      | Found an ornate altar of the Wu Jian Council.
  2465 | D:5      | Found a shimmering altar of Xom.
  2467 | D:5      | Found a blossoming altar of Fedhas.
  2467 | D:5      | Found a shimmering altar of Xom.
  2467 | D:5      | Found a sparkling altar of Nemelex Xobeh.
  2625 | D:5      | Got a bound ruby amulet
  3089 | D:4      | Identified the amulet of Circularity {Faith rElec MR++}
                  | (You found it on level 5 of the Dungeon)
  3202 | D:4      | Found a staircase to the Ecumenical Temple.
  3243 | D:4      | Found a hazy altar of Hepliaklqana.
  3243 | D:4      | Found a shimmering blue altar of Sif Muna.
  3478 | D:4      | Found a burning altar of Makhleb.
  3478 | D:4      | Found a radiant altar of Vehumet.
  3632 | D:4      | Gained mutation: You have razor-sharp teeth. [Vine Stalker
                  | growth]
  3632 | D:4      | Reached XP level 8. HP: 40/40 MP: 13/13
  3689 | D:4      | Found a runed translucent gate.
  3690 | D:4      | Found a runed translucent gate.
  3691 | D:4      | Found a runed translucent gate.
  3691 | D:4      | Noticed WinkingBaby's ghost (weakling HuBe)
  3988 | D:4      | Killed WinkingBaby's ghost
  4074 | D:6      | Reached ** piety under Wu Jian
  4114 | D:6      | Found the cursed +13 scythe of Curses {drain, *Curse}
  4411 | D:6      | Reached skill level 1 in Polearms
  4424 | D:6      | Found a glowing drain.
  4437 | Sewer    | Entered a sewer
  4513 | Sewer    | Reached skill level 7 in Stealth
  4530 | Sewer    | Found a white marble altar of Elyvilon.
  4942 | D:6      | Found an iron altar of Okawaru.
  5139 | D:6      | Reached *** piety under Wu Jian
  5762 | D:7      | Reached XP level 9. HP: 45/45 MP: 16/16
  6443 | D:7      | Reached **** piety under Wu Jian
  6705 | D:8      | Reached skill level 5 in Spellcasting
  6715 | D:8      | Slain by an orc warrior

Levels and vault maps discovered:
D:1:      dpeg_arrival_tiny_a, layout_basic
D:2:      layout_basic, first_ration, kennysheep_path_1, uniq_terence
D:3:      layout_loops_cross, lemuel_crystal_altar,
          gammafunk_temple_overflow_elements, uniq_sigmund
D:4:      layout_cave_pods, grunt_temple_overflow_lords_of_destruction,
          chequers_temple_overflow_statue_of_worship,
          minmay_temple_entry_glassed_door, gammafunk_ghost_necromancy,
          minmay_checkerbox
D:5:      layout_basic, doesnt_xom_only_xom, uniq_blork_the_orc, uniq_menkaure
D:6:      layout_basic, overflow_temple_1_default, portal_sewer_entry_e,
          minmay_fire_ice_demons
D:7:      layout_basic, grunt_ogre_cave
D:8:      layout_cave_pods, eat_drink_and_be_merry_uskayaw, dpeg_oklobed_lair,
          minmay_guarded_unrand_variability, uniq_psyche

Skill      XL: |  1  2  3  4  5  6  7  8  9 |
---------------+----------------------------+-----
Dodging        | 1 2 3 4 |  4.2
Fighting       | 2 3 4 |  4.3
Short Blades   | 2 |  2.9
Throwing       | 2 3 |  3.9
Stealth        | 5 6 7 |  7.0
Spellcasting   | 1 2 3 4 5 |  5.0
Armour         | 1 2 3 4 |  4.0
Polearms       | 2 4 |  4.7

Action                   |  1- 3 |  4- 6 |  7- 9 || total
-------------------------+-------+-------+-------++-------
Melee: Dagger            |    50 |   103 |       ||   153
       Bite              |    10 |    42 |   117 ||   169
       Short sword       |       |    29 |   312 ||   341
       Scythe            |       |       |    89 ||    89
Throw: Dart              |       |     5 |     5 ||    10
Invok: Lunge             |       |    12 |    17 ||    29
       Whirlwind         |       |       |    10 ||    10
Evoke: Wand              |       |       |     3 ||     3
  Use: Potion            |     2 |       |     5 ||     7
       Scroll            |       |     5 |     6 ||    11
 Stab: Sleeping          |     5 |     8 |    12 ||    25
       Distracted        |       |     2 |     1 ||     3
  Eat: Chunk             |       |     4 |    15 ||    19
Armor: Robe              |    11 |    16 |    44 ||    71
       Skin              |       |       |     3 ||     3
Dodge: Dodged            |    24 |    68 |   180 ||   272

Table legend:
 A = Non-vault XP
 B = Vault XP
 C = Vault XP percentage of total XP
 D = Non-vault monster count
 E = Vault monster count
 F = Vault count percentage of total count
                 A         B        C        D         E       F
            +---------+---------+-------+---------+---------+-------
      Total |    2719 |    1147 |  29.7 |     148 |      30 |  16.9
            +---------+---------+-------+---------+---------+-------
        D:1 |      15 |       0 |   0.0 |       7 |       0 |   0.0
        D:2 |      32 |      36 |  52.9 |      13 |       1 |   7.1
        D:3 |      85 |     231 |  73.1 |      27 |       1 |   3.6
        D:4 |     159 |     344 |  68.4 |      16 |       8 |  33.3
        D:5 |     276 |     224 |  44.8 |       9 |       2 |  18.2
        D:6 |     618 |      94 |  13.2 |      27 |      10 |  27.0
        D:7 |    1114 |     116 |   9.4 |      37 |       1 |   2.6
        D:8 |     420 |       0 |   0.0 |      12 |       0 |   0.0
      Sewer |       0 |     102 | 100.0 |       0 |       7 | 100.0
            +---------+---------+-------+---------+---------+-------
